 Dungeon Crawl Stone Soup version 0.28-a0-773-g130ae17fe5 (webtiles) character file.

Game seed: 5597188100747947771

59 ragingrage the Ruffian (level 3, -1/21 (26) HPs)
             Began as a Demonspawn Chaos Knight on Nov 1, 2021.
             Was a Plaything of Xom.
             Succumbed to a kobold's poison
             ... on level 3 of the Dungeon.
             The game lasted 00:02:07 (1481 turns).

ragingrage the Ruffian (Demonspawn Chaos Knight)    Turns: 1481, Time: 00:02:08

HP:   -1/21 (26)    AC:  5    Str:  8 (11) XL:     3   Next: 78%
MP:   3/3           EV: 11    Int:  9 (13) God:    Xom [.....*]
Gold: 23            SH:  0    Dex: 10 (12) Spells: 2/2 levels left

rFire   . . .      SeeInvis .   j - +1 dagger (elec)
rCold   . . .      Faith    .   (no shield)
rNeg    . . .      Spirit   .   a - +2 leather armour
rPois   .          Reflect  .   (no helmet)
rElec   .          Harm     .   (no cloak)
rCorr   .          Rampage  .   (no gloves)
Will    .....                   (no boots)
Stlth   +.........              (no amulet)
HPRegen 0.07/turn               (no ring)
MPRegen 0.08/turn               (no ring)

@: lethally poisoned (-1 -> -17), cleaving, heavily drained
A: claws 1, frail 1, passive freeze, screaming 2, weak 1
a: Renounce Religion


You were on level 3 of the Dungeon.
You worshipped Xom.
You were Xom's teddy bear.
You visited 1 branch of the dungeon, and saw 3 of its levels.

You collected 56 gold pieces.
You spent 33 gold pieces at shops.

Inventory:

Hand Weapons
 j - a +1 dagger of electrocution (weapon)
Armour
 a - a +2 leather armour (worn)
Wands
 l - a wand of digging (4)
Scrolls
 c - 5 scrolls of teleportation
 d - a scroll of noise
 e - a scroll of torment {unknown}
 f - a scroll of magic mapping {unknown}
 g - 2 scrolls of silence {unknown}
 i - a scroll of identify {unknown}
 n - a scroll of vulnerability {unknown}
Potions
 h - a potion of curing {unknown}
 k - a potion of haste {unknown}
 m - a potion of mutation {unknown}


   Skills:
 - Level 3.0 Fighting
 - Level 1.7 Armour
 - Level 0.8 Dodging
 * Level 4.3 Unarmed Combat


You had 2 spell levels left.
You didn't know any spells.
Your spell library contained the following spells:

 Spells                   Type           Power      Damage    Failure   Level
 Animate Skeleton         Necr           0%         N/A       50%         1
 Apportation              Tloc           0%         N/A       50%         1
 Summon Small Mammal      Summ           0%         N/A       50%         1
 Ensorcelled Hibernation  Hex/Ice        0%         N/A       65%         2
 Spider Form              Tmut/Pois      0%         N/A       86%         3


Dungeon Overview and Level Annotations

Branches:
Dungeon (3/15)

Altars:

Shops:
D:2 (?


Innate Abilities, Weirdness & Mutations

You have sharp fingernails.
You are frail. (-10% HP)
A frigid envelope surrounds you and freezes all who hurt you.
You frequently scream uncontrollably at your foes.
You are weak. (Str -2)


Message History

Xom's malign attention turns to you for a moment.
You feel drained.
You are now Xom's teddy bear.
Things that are here:
a +0 club; a +0 chain mail; the goblin skeleton of Ijyb You see here a +0 leather armour.
Xom grants you a minor favour.
Your +1 dagger of electrocution looks sharp.
A kobold comes into view. It is wielding a +1 dagger of venom.
The kobold shouts!
The kobold hits you with a +1 dagger of venom.
You are poisoned.
You barely miss the kobold.
You feel sick. The kobold hits you but does no damage.
You are more poisoned.
The kobold is very cold.
The kobold is severely wounded.
You closely miss the kobold.
The kobold is severely wounded.
You feel very sick.
The kobold hits you with a +1 dagger of venom.
You are more poisoned.
The gnoll hits you from afar with a +0 spear.
You are too injured to fight recklessly!
You hit the kobold.
You kill the kobold!
You feel very sick. The gnoll barely misses you.
* * * LOW HITPOINT WARNING * * *
You feel very sick.
Items here: ( ) [ †.
Unknown command.
Okay, then.
Unknown command.
It was a potion of degeneration.
There was something very wrong with that liquid.
You feel weakened.
You feel dopey.
You feel clumsy.
Xom thinks this is hilarious!
You die...
Xom chuckles heartily!

#.# #####.#
#.g.g.# #g#####
#.# #g#.. #.#.#
#.#.# #.#.# #g#.#
#.#.# #.#.#.#.#.#
#@#.#.#.#.#
#.#...#.#.#
#.#<###.#.#
.#####....<....#
#........†..#.###
#########.#.#.#
#.###.# #.....#
#####.#


You could see 4 gnolls.

Vanquished Creatures
  Ijyb (D:3)
  A worm (D:3)
  A dart slug (D:2)
  2 endoplasms
  A goblin (D:3)
  3 hobgoblins
  4 kobolds
  3 quokkas
  2 ball pythons
  4 bats
  2 frilled lizards
  4 rats (D:1)
28 creatures vanquished.

Notes
Turn   | Place    | Note
-------+----------+-------------------------------------------
     0 | D:1      | ragingrage the Demonspawn Chaos Knight began the quest for
                  | the Orb.
     0 | D:1      | Reached XP level 1. HP: 18/18 MP: 1/1
    69 | D:1      | Reached skill level 3 in Unarmed Combat
   172 | D:1      | XOM: silly message
   347 | D:1      | Gained mutation: You have sharp fingernails. [demonic
                  | ancestry]
   347 | D:1      | Reached XP level 2. HP: 18/24 MP: 2/2
   392 | D:1      | XOM: 1-stop teleportation journey
   617 | D:1      | XOM: give mutations
   617 | D:1      | Gained mutation: You occasionally shout uncontrollably at
                  | your foes. [Xom's mischief]
   617 | D:1      | Gained mutation: A frigid envelope surrounds you and
                  | freezes all who hurt you. [Xom's mischief]
   617 | D:1      | Gained mutation: You are weak. (Str -2) [Xom's mischief]
   617 | D:1      | Gained mutation: Your movements are slightly less
                  | encumbered by armour. (ER -2) [Xom's mischief]
   727 | D:1      | Found a faded altar of an unknown god.
   908 | D:2      | Found Ycuir's Antique Weapon Boutique.
  1012 | D:2      | Found Lumithry's Book Shop.
  1120 | D:2      | Found Uxker's Magic Scroll Shoppe.
  1139 | D:2      | Bought a scroll of teleportation for 33 gold pieces
  1207 | D:3      | XOM: give mutations
  1207 | D:3      | Gained mutation: Your body sometimes deteriorates upon
                  | taking damage. [Xom's mischief]
  1207 | D:3      | Gained mutation: You frequently scream uncontrollably at
                  | your foes. [Xom's mischief]
  1207 | D:3      | Gained mutation: You are frail. (-10% HP) [Xom's mischief]
  1214 | D:3      | Noticed Ijyb
  1227 | D:3      | Killed Ijyb
  1228 | D:3      | Reached skill level 4 in Unarmed Combat
  1228 | D:3      | Reached XP level 3. HP: 21/26 MP: 3/3
  1271 | D:3      | XOM: 2-stop teleportation journey
  1411 | D:3      | XOM: give mutations
  1411 | D:3      | Lost mutation: You are weak. (Str -2) [Xom's mischief]
  1411 | D:3      | Lost mutation: Your body sometimes deteriorates upon taking
                  | damage. [Xom's mischief]
  1411 | D:3      | Gained mutation: You are weak. (Str -2) [Xom's mischief]
  1411 | D:3      | Lost mutation: Your movements are slightly less encumbered
                  | by armour. (ER -2) [Xom's mischief]
  1453 | D:3      | XOM: draining
  1465 | D:3      | XOM: cleaving
  1481 | D:3      | Succumbed to a kobold's poison

Illustrated notes

Levels and vault maps discovered:
D:1:      lightli_arrival_noodles, layout_basic,
          ebering_ecumenical_altar_sacrificial, hex_tiny, minivault_27,
          st_stairs_9, chequers_serial_rivers_micro_c
D:2:      layout_rooms, serial_shops, nicolae_shop_stone, shop_scrolls, shop
D:3:      layout_basic, nicolae_dithmenos_the_darkroom, serial_park_tiny_pond,
          uniq_ijyb

Skill      XL: |  1  2 |
---------------+-------+-----
Unarmed Combat | 3 4 |  4.3
Fighting       | |  3.0
Armour         | |  1.7
Dodging        | |  0.8

Action                   || total
-------------------------++-------
Melee: Unarmed           ||    45
       Dagger            ||    31
  Use: Scroll            ||     3
       Potion            ||     1
Armor: Leather armour    ||    22
Dodge: Dodged            ||    44

Table legend: (Time is in decaauts)
 A = Elapsed time spent in this place.
 B = Non-inter-level travel time spent in this place.
 C = Inter-level travel time spent in this place.
 D = Time resting spent in this place.
 E = Time spent auto-exploring this place.
 F = Levels seen in this place.
 G = Mean time per level.
                   A        B        C        D        E       F      G
               +--------+--------+--------+--------+--------+-----+--------+
         Total |   1477 |   1415 |     62 |    175 |    947 |   3 |  492.3 |
       Dungeon |   1477 |   1415 |     62 |    175 |    947 |   3 |  492.3 |
               +--------+--------+--------+--------+--------+-----+--------+

Top non-repeatable levels by time:
     D:1: 821 daAuts
     D:2: 336 daAuts
     D:3: 318 daAuts
